AoeStats
← AmbassadorKaifa

MegaRandom

509607806Analyzed
3v3 RM · 5d ago on Sep 27, 2026· 59m 10s· 6 players
Game mode
Random Map
Map size
Normal (6 player)
Population
200
Speed
Normal
Resources
Standard
Victory
Conquest
Starting age
Dark Age
Ending age
Imperial Age
RankedLock teamsTeams togetherTeam positionsShared explorationLock speedFull tech treeHidden civsTurbo modeCheats
Victory
Defeat
🇰🇷 Malians · South Korea
1091
+14
🇨🇳 Franks · China
1084
+14
🇦🇷 Mongols · Argentina
1061
+15
🇷🇺 Saxons · Russia
1055
-14
🇹🇷 Koreans · Türkiye
1047
-15
🇩🇪 Romans · Germany
1033
-14
AmbassadorKaifa
7:48 Loom
11:11 Feudal Age
15:57 Castle Age
14:02 Double-Bit Axe
15:47 Horse Collar
27:04 Fletching
27:33 Padded Archer Armor
29:50 Wheelbarrow
29:00 Town Watch
29:37 Bodkin Arrow
29:58 Husbandry
30:09 Bloodlines
30:35 Bow Saw
31:28 Ballistics
35:06 Imperial Age
33:31 Thumb Ring
33:30 Heavy Plow
34:40 Hand Cart
34:25 Town Patrol
34:57 Stone Mining
34:58 Gold Mining
36:00 Leather Archer Armor
35:14 Heavy Mounted Crossbowman
36:20 Bracer
37:02 Conscription
38:08 Chemistry
36:31 Cranequins
37:43 Ring Archer Armor
38:48 Two-Man Saw
38:36 Gold Shaft Mining
38:05 Squires
42:03 Murder Holes
42:11 Scale Mail Armor
42:21 Forging
43:01 Crop Rotation
42:05 Elite Hearth Troop
42:09 Shield Wall
43:45 Chain Mail Armor
43:32 Caravan
43:59 Gambesons
44:01 Arson
43:38 Pikeman
45:02 Hoardings
44:28 Halberdier
44:57 Elite Skirmisher
46:28 Plate Mail Armor
46:34 Iron Casting
46:09 Siege Engineers
46:15 Masonry
46:17 Fortified Wall
46:57 Elite Varangian Guard
46:59 Man-at-Arms
48:54 Sanctity
50:48 Long Swordsman
52:25 Guilds
52:45 Coinage
53:27 Architecture
52:38 Two-Handed Swordsman
53:35 Scale Barding Armor
Dankissimo
11:28 Feudal Age
11:57 Double-Bit Axe
12:11 Horse Collar
13:49 Loom
19:10 Castle Age
18:39 Scale Mail Armor
20:55 Squires
20:41 Pikeman
31:29 Imperial Age
31:31 Halberdier
32:55 Chain Mail Armor
34:17 Gold Mining
35:31 Wheelbarrow
34:41 Town Watch
35:19 Bow Saw
37:01 Chemistry
36:26 Ballistics
37:29 Forging
38:11 Hand Cart
40:54 Gold Shaft Mining
40:24 Heavy Rocket Cart
41:43 Iron Casting
41:38 Plate Mail Armor
44:43 Arson
44:54 Man-at-Arms
45:27 Fletching
46:25 Stone Mining
46:52 Long Swordsman
46:53 Elite Fire Lancer
49:29 Shinkichon
49:53 Siege Engineers
49:30 Treadmill Crane
50:33 Conscription
50:23 Two-Handed Swordsman
51:31 Town Patrol
51:42 Scale Barding Armor
51:32 Bodkin Arrow
52:42 Two-Man Saw
52:28 Stone Shaft Mining
NiTiJo
3:40 Loom
12:17 Feudal Age
12:41 Horse Collar
12:51 Double-Bit Axe
15:12 Scale Mail Armor
15:23 Forging
34:11 Wheelbarrow
33:29 Town Watch
37:56 Castle Age
35:57 Town Watch
37:11 Gold Mining
37:12 Stone Mining
38:39 Heavy Plow
39:22 Bow Saw
39:20 Squires
42:03 Hand Cart
50:08 Gold Shaft Mining
50:22 Town Patrol
54:11 Chain Mail Armor
54:31 Iron Casting
53:25 Pikeman
57:17 Imperial Age
58:02 Imperial Age
58:56 Imperial Age
GOOGOO
6:43 Loom
9:07 Feudal Age
9:55 Double-Bit Axe
11:28 Horse Collar
18:05 Wheelbarrow
21:01 Castle Age
19:40 Bloodlines
20:11 Scale Barding Armor
21:18 Forging
22:19 Bow Saw
24:46 Heavy Plow
25:34 Husbandry
26:37 Chain Barding Armor
33:10 Imperial Age
32:05 Hand Cart
31:51 Stone Mining
33:38 Ballistics
33:21 Fletching
33:55 Padded Archer Armor
34:59 Chemistry
33:25 Elite Gbeto
35:20 Conscription
35:57 Gold Mining
36:25 Bodkin Arrow
36:46 Leather Archer Armor
37:27 Plate Barding Armor
37:46 Crop Rotation
38:37 Ring Archer Armor
38:53 Iron Casting
37:53 Cavalier
40:53 Farimba
44:59 Treadmill Crane
51:34 Town Watch
52:27 Caravan
53:35 Guilds
55:15 Light Cavalry
56:51 Hoardings
Melonauta
5:51 Loom
9:59 Feudal Age
10:48 Double-Bit Axe
12:52 Horse Collar
20:07 Castle Age
20:31 Gold Mining
21:06 Bow Saw
20:57 Heavy Plow
22:11 Gold Shaft Mining
22:55 Bloodlines
22:47 Husbandry
24:17 Gold Shaft Mining
24:45 Fletching
25:46 Ballistics
27:46 Wheelbarrow
26:56 Town Watch
27:32 Bodkin Arrow
27:44 Padded Archer Armor
30:18 Thumb Ring
30:52 Town Patrol
32:24 Leather Archer Armor
32:31 Hand Cart
32:44 Stone Mining
37:44 Imperial Age
38:38 Stone Shaft Mining
39:26 Bracer
40:32 Chemistry
40:00 Conscription
40:48 Light Cavalry
41:05 Heavy Cavalry Archer
42:11 Parthian Tactics
43:03 Forging
42:58 Scale Barding Armor
43:21 Elite Mangudai
46:04 Hussar
47:39 Iron Casting
47:25 Chain Barding Armor
47:20 Masonry
47:16 Siege Engineers
47:23 Fortified Wall
51:26 Capped Ram
58:20 Blast Furnace
57:34 Elite Skirmisher
58:17 Scale Mail Armor
小敏
6:42 Loom
9:33 Feudal Age
10:38 Double-Bit Axe
21:26 Castle Age
20:49 Scale Barding Armor
20:55 Forging
22:10 Husbandry
26:32 Chain Barding Armor
34:53 Imperial Age
34:23 Town Watch
35:22 Cavalier
36:53 Plate Barding Armor
36:54 Iron Casting
36:10 Fletching
38:10 Wheelbarrow
37:35 Town Patrol
38:35 Murder Holes
38:21 Treadmill Crane
40:11 Paladin
41:48 Masonry
42:19 Chivalry
43:39 Conscription
44:02 Gold Mining
45:29 Bow Saw
45:59 Hand Cart
45:43 Stone Mining
46:28 Gold Shaft Mining
47:53 Blast Furnace
46:49 Bodkin Arrow
46:55 Padded Archer Armor
47:30 Architecture
47:05 Siege Engineers
47:12 Fortified Wall
49:45 Heavy Mounted Crossbowman
49:48 Cranequins
Connection lost

Rejoining the realm…

Still unreachable

The connection could not be restored.

Session expired

The server has moved on; the page needs a fresh start.